 Dungeon Crawl Stone Soup version 0.26.1-11-gd32895ea62 (webtiles) character file.

Game seed: 6986524677840869792

923 infcreate the Skirmisher (level 8, -1/63 HPs)
             Began as a Human Berserker on May 20, 2021.
             Was an Elder of Trog.
             Killed by divine providence
             ... invoked by an orc priest
              (11 damage)
             ... on level 5 of the Dungeon.
             The game lasted 00:19:40 (4284 turns).

infcreate the Skirmisher (Human Berserker)          Turns: 4284, Time: 00:19:41

Health: -1/63      AC: 13    Str: 19    XL:     8   Next: 31%
Magic:  8/8        EV: 13    Int:  8    God:    Trog [****..]
Gold:   191        SH:  0    Dex: 13    Spells: 7/7 levels left

rFire    . . .     SeeInvis .   a - +4 falchion
rCold    . . .     Faith    .   (no shield)
rNeg     . . .     Spirit   .   i - +0 chain mail
rPois    .         Reflect  .   c - +0 hat
rElec    .         Harm     .   j - +1 cloak
rCorr    .         Rampage  .   d - +0 pair of gloves
Will     ++...                  (no boots)
Stlth    ..........             (no amulet)
HPRegen  1.20/turn              E - +4 ring of evasion
MPRegen  0.11/turn              (no ring)

@: regenerating
A: no striking features
a: Renounce Religion, Berserk, Trog's Hand, Brothers in Arms


You were on level 5 of the Dungeon.
You worshipped Trog.
Trog was greatly pleased with you.
You visited 1 branch of the dungeon, and saw 5 of its levels.

You collected 191 gold pieces.


   Skills:
 + Level 5.4 Fighting
 + Level 5.3 Long Blades
 + Level 4.8 Armour
 + Level 4.8 Dodging


You had 7 spell levels left.
You didn't know any spells.
Your spell library was empty.

Inventory:

Hand Weapons
 a - a +4 falchion (weapon)
Missiles
 q - a throwing net {=f}
 t - 9 bolts
Armour
 c - a +0 hat (worn)
 d - a +0 pair of gloves (worn)
 i - a +0 chain mail (worn)
 j - a +1 cloak (worn)
Jewellery
 k - a +4 ring of evasion
 E - a +4 ring of evasion (left hand)
 F - an uncursed ring of fire
Wands
 p - a wand of flame (7)
Scrolls
 b - a scroll of blinking {unknown}
 f - a scroll of remove curse {unknown}
 g - 3 scrolls of teleportation {@r4}
 h - a scroll of amnesia {unknown}
 n - 3 scrolls of identify {@r1}
 o - a scroll of fear {unknown}
Potions
 e - 3 potions of attraction {unknown}
 m - 3 potions of degeneration {unknown}
 r - a potion of might {unknown}
 s - a potion of invisibility {unknown}

Dungeon Overview and Level Annotations

Branches:
Dungeon (5/15)             Temple (0/1) D:4

Altars:
Nemelex Xobeh

############### ###....§§§§§.....
### #...############# #.# #÷###
######### #.# ###.# #........ #.#
####...#######.#...... #.#
#....#................ #.#
######....@................ #.#
#..........o.......†....... ##.#
##......................... ##..#
#..)...o.................. .).##
####).o...................
.##########.#....................
.# #....)))o.................#.##
.###.######.†..................#
.....# #..#................#


You could see 2 orc priests, an orc wizard and an orc.


Message History

You closely miss the orc wizard.
The orc wizard mumbles some strange words.
The orc wizard blinks!
The orc priest calls down the wrath of Beogh upon you.
Beogh smites you!
You see here a quokka corpse.
The orc wizard barely misses you.
You riposte.
You hit the orc wizard.
The orc wizard is lightly wounded.
The orc wizard hits you but does no damage.
The orc priest calls down the wrath of Beogh upon you.
Pain shoots through your body!
* * * LOW HITPOINT WARNING * * *
The orc priest invokes the aid of Beogh against you.
Pain shoots through your body!
* * * LOW HITPOINT WARNING * * *
The orc throws a boomerang.
The boomerang hits you but does no damage.
The weapon returns to the orc!
Use which ability? (? or * to list)
Okay, then.
The orc throws a boomerang.
The boomerang hits you.
* * * LOW HITPOINT WARNING * * *
The weapon returns to the orc!
The orc wizard hits you but does no damage.
Use which ability? (? or * to list)
Your skin crawls.
You feel strong-willed.
The orc priest invokes the aid of Beogh against you.
Beogh smites you!
You die...

Skill      XL: |  1  2  3  4  5  6  7 |
---------------+----------------------+-----
Armour         | 3 4 |  4.8
Dodging        | 3 4 |  4.8
Fighting       | 4 5 |  5.4
Long Blades    | 4 5 |  5.3

Action                   |  1- 3 |  4- 6 |  7- 9 || total
-------------------------+-------+-------+-------++-------
Melee: Falchion          |    94 |   155 |   207 ||   456
Invok: Berserk           |     1 |     1 |     2 ||     4
       Trog's Hand       |       |     1 |     1 ||     2
  Use: Scroll            |     2 |       |     5 ||     7
Armor: Animal skin       |     5 |       |       ||     5
       Ring mail         |    13 |       |       ||    13
       Chain mail        |     6 |    71 |    95 ||   172
Dodge: Dodged            |    46 |    95 |   116 ||   257
       Rpst.: Falchion   |    14 |    29 |    40 ||    83

Levels and vault maps discovered:
D:1:      psy_arrival_fountain, layout_loops_ring
D:2:      layout_loops_ring, minmay_octomino_e4, uniq_natasha
D:3:      layout_rooms, chequers_ecumenical_altar_grove, uniq_jessica
D:4:      layout_loops_ring, minmay_temple_entry_stoned_glass,
          kennysheep_flooded_box
D:5:      layout_rooms, uniq_duvessa

Notes
Turn   | Place    | Note
-------+----------+-------------------------------------------
     0 | D:1      | infcreate the Human Berserker began the quest for the Orb.
     0 | D:1      | Reached XP level 1. HP: 18/18 MP: 1/1
   104 | D:1      | Reached XP level 2. HP: 18/24 MP: 2/2
   516 | D:1      | Reached XP level 3. HP: 29/29 MP: 3/3
   763 | D:1      | Reached ** piety under Trog
  1094 | D:2      | Reached XP level 4. HP: 35/35 MP: 4/4
  1389 | D:2      | Reached XP level 5. HP: 42/42 MP: 5/5
  1436 | D:2      | Reached skill level 3 in Armour
  1442 | D:2      | Reached skill level 3 in Dodging
  1488 | D:2      | Noticed an ogre
  1502 | D:2      | Killed an ogre
  1503 | D:2      | Reached skill level 4 in Fighting
  1503 | D:2      | Reached skill level 4 in Long Blades
  1503 | D:2      | Reached XP level 6. HP: 48/48 MP: 6/6
  1723 | D:2      | Noticed Natasha
  1734 | D:2      | Killed Natasha
  1738 | D:2      | Noticed Natasha
  1748 | D:2      | Killed Natasha
  2063 | D:3      | Noticed Jessica
  2070 | D:3      | Killed Jessica
  2089 | D:3      | Reached *** piety under Trog
  2368 | D:2      | Reached XP level 7. HP: 55/55 MP: 7/7
  2371 | D:2      | Noticed Natasha
  2394 | D:2      | Killed Natasha
  2855 | D:3      | Found a faded altar of an unknown god.
  2952 | D:4      | Reached skill level 4 in Armour
  2952 | D:4      | Reached skill level 4 in Dodging
  3214 | D:4      | Found a sparkling altar of Nemelex Xobeh.
  3221 | D:4      | Reached skill level 5 in Fighting
  3339 | D:4      | Found a staircase to the Ecumenical Temple.
  3354 | D:4      | Reached skill level 5 in Long Blades
  3404 | D:4      | Reached XP level 8. HP: 61/62 MP: 8/8
  3884 | D:5      | Entered Level 5 of the Dungeon
  4098 | D:5      | Reached **** piety under Trog
  4284 | D:5      | Killed from afar by an orc priest

Vanquished Creatures
  An ogre (D:2)
  A phantom (D:4)
  A gnoll sergeant (D:5)
  A jelly (D:5)
  2 hounds (D:4)
  4 orc wizards
  Jessica (D:3)
  An iguana (D:4)
  A worker ant (D:4)
  Natasha (thrice) (D:2)
  A hound skeleton (D:4)
  16 gnolls
  6 adders
  3 dart slugs
  4 worms
  5 leopard geckos
  7 orcs
  5 giant cockroaches
  9 goblins
  9 hobgoblins
  6 jackals
  4 quokkas
  4 bats
  11 frilled lizards
  A jackal zombie (D:5)
  6 kobolds
  8 rats
121 creatures vanquished.

Vanquished Creatures (others)
  A plant (D:1)
1 creature vanquished.

Grand Total: 122 creatures vanquished

Table legend: (Time is in decaauts)
 A = Elapsed time spent in this place.
 B = Non-inter-level travel time spent in this place.
 C = Inter-level travel time spent in this place.
 D = Time resting spent in this place.
 E = Time spent auto-exploring this place.
 F = Levels seen in this place.
 G = Mean time per level.
                   A        B        C        D        E       F      G
               +--------+--------+--------+--------+--------+-----+--------+
         Total |   4393 |   3974 |    419 |   1061 |      0 |   5 |  878.6 |
       Dungeon |   4393 |   3974 |    419 |   1061 |      0 |   5 |  878.6 |
               +--------+--------+--------+--------+--------+-----+--------+

Top non-repeatable levels by time:
     D:2: 1396 daAuts
     D:1: 1006 daAuts
     D:4: 878 daAuts
     D:3: 697 daAuts
     D:5: 416 daAuts

Table legend:
 A = Non-vault XP
 B = Vault XP
 C = Vault XP percentage of total XP
 D = Non-vault monster count
 E = Vault monster count
 F = Vault count percentage of total count
                 A         B        C        D         E       F
            +---------+---------+-------+---------+---------+-------
      Total |    1241 |      78 |   5.9 |     116 |       5 |   4.1
            +---------+---------+-------+---------+---------+-------
        D:1 |      48 |       0 |   0.0 |      30 |       0 |   0.0
        D:2 |     394 |      41 |   9.4 |      33 |       4 |  10.8
        D:3 |     125 |      37 |  22.8 |      23 |       1 |   4.2
        D:4 |     444 |       0 |   0.0 |      17 |       0 |   0.0
        D:5 |     230 |       0 |   0.0 |      13 |       0 |   0.0
            +---------+---------+-------+---------+---------+-------
